Cogmind - Beta 11 @@@ ROGUE MODE // 2022.04.05 @ 20:03:40 Player: pappous Result: Self-destructed Performance ------------- Evolutions (2) 1000 Regions Visited (5) 1000 Robots Destroyed (14) 70 Value Destroyed (299) 299 Prototype IDs (0) 0 Alien Tech Used (0) 0 Bonus (0) 0 TOTAL SCORE: 2369 Bonus ------- None Cogmind --------- Core Integrity 425/550 Matter 169/300 Energy 27/100 System Corruption 0% Temperature Cool (9) Movement Treading (240) Ox1 Location -8/Materials Parts ------- > --- POWER (1) -------- (None) > --- PROPULSION (3) --- Light Treads Compact Wheel > --- UTILITY (3) ------ Large Storage Unit > --- WEAPON (4) ------- EM Pulse Gun > --- INVENTORY (15) --- Wheel Large Storage Unit Humpback High-capacity Matter Pod (7) Hardened Medium Armor Plating Grenade Launcher Rocket Launcher Peak State ------------ > --- POWER ------------ Ion Engine > --- PROPULSION ------- Light Treads Compact Wheel Compact Wheel > --- UTILITY ---------- Large Storage Unit > --- WEAPON ----------- Light Assault Rifle Light Assault Rifle > --- INVENTORY -------- Light Treads Wheel Large Storage Unit Humpback High-capacity Matter Pod Hardened Medium Armor Plating EM Pulse Gun Grenade Launcher Rocket Launcher [Rating: 8] Favorites ----------- Power Ion Engine Engine Ion Engine Propulsion Compact Wheel Treads Light Treads Wheel Compact Wheel Utility Large Storage Unit Storage Large Storage Unit Weapon Light Assault Rifle Energy Gun EM Pulse Gun Ballistic Gun Light Assault Rifle Build | -11 -10 -10 -10 -9 -8 ------- Run | Scr Mat Min Exi Min Mat Slots Evolved 4 | . . . . . 4 Power . | . . . . . . Propulsion 1 | . . . . . 1 Utility 1 | . . . . . 1 Weapon 2 | . . . . . 2 Parts Attached 18 | 6 4 . 3 1 4 Power 2 | 1 . . . 1 . Engine 2 | 1 . . . 1 . Core . | . . . . . . Reactor . | . . . . . . Propulsion 5 | 2 . . 1 . 2 Treads 3 | 1 . . 1 . 1 Leg . | . . . . . . Wheel 2 | 1 . . . . 1 Hover . | . . . . . . Flight . | . . . . . . Utility 6 | 1 2 . 2 . 1 Device . | . . . . . . Storage 6 | 1 2 . 2 . 1 Processor . | . . . . . . Hackware . | . . . . . . Protection . | . . . . . . Artifact . | . . . . . . Weapon 5 | 2 2 . . . 1 Energy Gun 1 | . . . . . 1 Energy Cannon . | . . . . . . Ballistic Gun 4 | 2 2 . . . . Ballistic Cannon . | . . . . . . Launcher . | . . . . . . Special Weapon . | . . . . . . Impact Weapon . | . . . . . . Slashing Weapon . | . . . . . . Piercing Weapon . | . . . . . . Special Melee Weapon . | . . . . . . Unidentified Prototypes . | . . . . . . Parts Lost 5 | . . . . 1 4 Power 2 | . . . . 1 1 Propulsion 1 | . . . . . 1 Utility . | . . . . . . Weapon 2 | . . . . . 2 Highest Loss Streak 2 | . . . . 1 2 To Critical Strikes . | . . . . . . Average Slot Usage (%) 80 | . 85 85 84 78 46 Engine 11 | . 14 14 14 7 4 Treads 13 | . 14 14 14 14 7 Wheel 13 | . 14 14 14 14 9 Storage 13 | . 14 14 13 14 9 Ballistic Gun 26 | . 28 28 28 28 14 Naked Turns . | . . . . . . Heaviest Build 47 | 13 47 27 27 27 27 Greatest Support 20 | 20 16 16 20 20 16 Greatest Overweight (x) 2 | . 2 1 1 1 1 Average Overweight (x) . | . . 1 . 1 1 Largest Inventory Capacity 35 | 8 15 15 35 15 15 Average Capacity 13 | 7 9 15 14 15 15 Most Carried 10 | 4 8 7 9 10 10 Average Carried 7 | 2 5 7 7 9 9 Final Capacity 15 | 8 15 15 15 15 15 Final Carried 9 | 4 7 7 8 9 8 Class Distribution -------------------- 100% | Mutant Dominant Class ---------------- Mutant | -10/Materials Mutant | -10/Mines Mutant | -10/Exiles Mutant | -9/Mines Mutant | -8/Materials Resources | -11 -10 -10 -10 -9 -8 ----------- Run | Scr Mat Min Exi Min Mat Matter Collected 393 | 244 84 . . 65 . Remotely . | . . . . . . Salvage Created 367 | . 194 . . . 173 Parts 23 | . 17 . . . 6 Haulers Intercepted . | . . . . . . Recyclers Shooed . | . . . . . . Parts Field Recycled . | . . . . . . Retrieved Matter . | . . . . . . Parts Self-Destructed . | . . . . . . Prevented . | . . . . . . Kills | -11 -10 -10 -10 -9 -8 ------- Run | Scr Mat Min Exi Min Mat Combat Hostiles Destroyed 14 | . 11 . . . 3 Guns 13 | . 11 . . . 2 Classes Destroyed 2 | . 2 . . . . Swarmer 9 | . 9 . . . . Grunt 5 | . 2 . . . 3 Best Kill Streak 6 | . 6 . . . 1 Combat Bots Only 6 | . 6 . . . 1 Max Kills in Single Turn 1 | . 1 . . . 1 Gunslinging . | . . . . . . Exploded . | . . . . . . Melee . | . . . . . . Uniques/NPCs Destroyed . | . . . . . . Combat | -11 -10 -10 -10 -9 -8 -------- Run | Scr Mat Min Exi Min Mat Damage Taken 1079 | . 264 . . 161 654 Core 204 | . 43 . . 36 125 Absorbed by Shields . | . . . . . . Core Remaining (%) 84 | 100 . . . 68 . Volleys Fired 67 | . 26 . . . 41 Largest 2 | . 2 . . . 2 Hottest 60 | . 40 . . . 60 Shots Fired 122 | . 52 . . . 70 Gun 122 | . 52 . . . 70 Cannon . | . . . . . . Launcher . | . . . . . . Special . | . . . . . . Kinetic 110 | . 52 . . . 58 Thermal . | . . . . . . Explosive . | . . . . . . Electromagnetic 12 | . . . . . 12 Robot Hit Streak 12 | . 8 . . . 12 Robot Miss Streak 3 | . 3 . . . 2 Penetration Max . | . . . . . . Secondary Targets 1 | . 1 . . . . Max Gunslinging Chain 1 | . 1 . . . . Shots Hit Robots 89 | . 33 . . . 56 Core Hits 27 | . 14 . . . 13 Critical Kills . | . . . . . . Critical Parts Destroyed . | . . . . . . Critical Strikes . | . . . . . . Melee Attacks . | . . . . . . Impact . | . . . . . . Slashing . | . . . . . . Piercing . | . . . . . . Sneak Attacks . | . . . . . . Combat Hostiles . | . . . . . . Follow-up Attacks . | . . . . . . Damage Inflicted 871 | . 372 . . . 499 Guns 871 | . 372 . . . 499 Cannons . | . . . . . . Explosions . | . . . . . . Melee . | . . . . . . Ramming . | . . . . . . Kinetic 726 | . 372 . . . 354 Thermal . | . . . . . . Explosive . | . . . . . . Electromagnetic 145 | . . . . . 145 Impact . | . . . . . . Slashing . | . . . . . . Piercing . | . . . . . . Highest Corruption . | . . . . . . Average Corruption . | . . . . . . Corruption Purged . | . . . . . . Corruption Blocked . | . . . . . . Overload Shots . | . . . . . . Overflow Damage . | . . . . . . Projectiles . | . . . . . . Explosions . | . . . . . . Melee . | . . . . . . Knockbacks . | . . . . . . Impact . | . . . . . . Kinetic . | . . . . . . Secondary . | . . . . . . Self-Inflicted Damage . | . . . . . . Shots . | . . . . . . Rammed . | . . . . . . Targets Rammed . | . . . . . . Kicked . | . . . . . . Crushed . | . . . . . . Highest Temperature 16 | . 6 . . . 16 Average Temperature 4 | . 6 . . . 4 Received Heat Transfer 438 | . 42 . . . 396 Siege Activations . | . . . . . . Robots Corrupted 1 | . . . . . 1 Combat Hostiles 1 | . . . . . 1 Parts Fried . | . . . . . . Impact Corruptions . | . . . . . . Robots Melted . | . . . . . . Combat Hostiles . | . . . . . . Parts Melted . | . . . . . . Heat Transferred . | . . . . . . Parts Sabotaged . | . . . . . . Parts Stolen . | . . . . . . Parts Stripped . | . . . . . . Power Chain Reactions . | . . . . . . Missiles Intercepted . | . . . . . . Alert | -11 -10 -10 -10 -9 -8 ------- Run | Scr Mat Min Exi Min Mat Peak Influence 290 | . 290 34 . . 20 Initial 34 | . . 34 . . . Average 56 | . 122 34 . . 8 Maximum Alert Level 1 | . 1 . . . . Low Security (%) 87 | 100 69 100 . 100 100 Level 1 12 | . 30 . . . . Level 2 . | . . . . . . Level 3 . | . . . . . . Level 4 . | . . . . . . Level 5 . | . . . . . . High Security . | . . . . . . Max Security . | . . . . . . Squads Dispatched 4 | . 2 . . . 2 Investigation . | . . . . . . Extermination . | . . . . . . Reinforcement 4 | . 2 . . . 2 Assault . | . . . . . . Garrison . | . . . . . . Intercept . | . . . . . . Searches Triggered . | . . . . . . Construction Impeded . | . . . . . . Haulers Reinforced . | . . . . . . Active Scanning Responses . | . . . . . . Cargo Convoy Interrupts . | . . . . . . Stealth | -11 -10 -10 -10 -9 -8 --------- Run | Scr Mat Min Exi Min Mat Distress Signals 1 | . 1 . . . . Communications Jammed . | . . . . . . Distress Signals . | . . . . . . Times Spotted 24 | . 15 . . 2 7 Peak Tracking Total 4 | . 3 . . 2 4 Tactical Retreats . | . . . . . . Traps | -11 -10 -10 -10 -9 -8 ------- Run | Scr Mat Min Exi Min Mat Traps Triggered . | . . . . . . Indirectly . | . . . . . . Trap Hack Attempts . | . . . . . . Triggered . | . . . . . . Disarmed . | . . . . . . Reprogrammed . | . . . . . . Reused . | . . . . . . Traps Extracted . | . . . . . . Installed . | . . . . . . Triggered . | . . . . . . Machines | -11 -10 -10 -10 -9 -8 ---------- Run | Scr Mat Min Exi Min Mat Machines Disabled . | . . . . . . Max in Single Turn . | . . . . . . Machines Sabotaged . | . . . . . . Garrisons Compromised . | . . . . . . Overloaded Fab Kills . | . . . . . . Hacking | -11 -10 -10 -10 -9 -8 --------- Run | Scr Mat Min Exi Min Mat Machines Accessed 6 | . 3 . 3 . . Terminals 3 | . 3 . . . . Fabricators . | . . . . . . Repair Stations . | . . . . . . Recycling Units . | . . . . . . Scanalyzers . | . . . . . . Garrison Access . | . . . . . . Total Hacks 14 | . 5 . 9 . . Successful 10 | . 1 . 9 . . Failed 4 | . 4 . . . . Catastrophic . | . . . . . . Database Lockouts . | . . . . . . Manual . | . . . . . . Terminals 5 | . 5 . . . . Fabricators . | . . . . . . Repair Stations . | . . . . . . Recycling Units . | . . . . . . Scanalyzers . | . . . . . . Garrison Access . | . . . . . . Terminal Hacks 10 | . 1 . 9 . . Record 9 | . . . 9 . . Zone Layout 1 | . 1 . . . . Fabricator Hacks . | . . . . . . Repair Station Hacks . | . . . . . . Recycling Unit Hacks . | . . . . . . Scanalyzer . | . . . . . . Garrison Access Hacks . | . . . . . . Unauthorized Hacks . | . . . . . . Terminals . | . . . . . . Fabricators . | . . . . . . Repair Stations . | . . . . . . Recycling Units . | . . . . . . Scanalyzers . | . . . . . . Garrison Access . | . . . . . . Data Cores Recovered . | . . . . . . Used . | . . . . . . Hacking Detections 3 | . 3 . . . . Full Trace Events . | . . . . . . Feedback Events . | . . . . . . Feedback Blocked . | . . . . . . Robot Schematics Acquired . | . . . . . . Robots Built . | . . . . . . Authchips . | . . . . . . Time . | . . . . . . Total Robot Build Rating . | . . . . . . Part Schematics Acquired . | . . . . . . Parts Built . | . . . . . . Authchips . | . . . . . . Time . | . . . . . . Total Part Build Rating . | . . . . . . Parts Repaired . | . . . . . . Time . | . . . . . . Parts Recycled . | . . . . . . Recycled Matter . | . . . . . . Retrieved Matter . | . . . . . . Retrieved Components . | . . . . . . Parts Scanalyzed . | . . . . . . Part Schematics Acquired . | . . . . . . Parts Damaged . | . . . . . . Bothacking | -11 -10 -10 -10 -9 -8 ------------ Run | Scr Mat Min Exi Min Mat Used RIF Installer . | . . . . . . Robots Hacked . | . . . . . . Non-combat . | . . . . . . Combat . | . . . . . . Robot Hacks Applied . | . . . . . . Relay Couplers Released . | . . . . . . Fabnet Peak Effective % . | . . . . . . Robots Rewired . | . . . . . . Allies Hacked . | . . . . . . Hacks Repelled . | . . . . . . Allies | -11 -10 -10 -10 -9 -8 -------- Run | Scr Mat Min Exi Min Mat Total Allies 2 | . . . . 2 . Largest Group 2 | . . . . 2 . Highest-Rated Group 50 | . . . . 50 . Highest-Rated Ally 31 | . . . . 31 . Total Orders . | . . . . . . Ally Attacks 3 | . . . . 3 . Total Damage 41 | . . . . 41 . Kills . | . . . . . . Allies Corrupted . | . . . . . . Allies Melted . | . . . . . . Intel | -11 -10 -10 -10 -9 -8 ------- Run | Scr Mat Min Exi Min Mat Robot Analysis Total . | . . . . . . Derelict Logs Recovered . | . . . . . . Drone Launches . | . . . . . . Drone Recoveries . | . . . . . . Exploration | -11 -10 -10 -10 -9 -8 ------------- Run | Scr Mat Min Exi Min Mat Turns Passed 1759 | 71 485 105 627 311 160 Spaces Moved 1243 | 58 344 92 472 250 27 Core 3 | 3 . . . . . Treads 78 | 1 . . 60 17 . Legs . | . . . . . . Wheels 1162 | 54 344 92 412 233 27 Hover . | . . . . . . Flight . | . . . . . . Fastest Speed 50 | 50 100 115 115 115 115 Average Speed 118 | 98 105 115 130 123 115 Slowest Speed 240 | 160 130 115 240 240 115 Overloaded Moves . | . . . . . . Propulsion Burnouts . | . . . . . . Robots Hopped . | . . . . . . Cave-ins Triggered . | . . . . . . Exploration Rate (%) 40 | 3 68 24 89 53 5 Regions Visited 5 Branch Regions 3 Pre-discovered Areas 1 | . . . 1 . . Known Exits Taken . | . . . . . . Unknown Exits Taken 5 | 1 1 1 1 1 . Scrap Searched 1 | . . . . 1 . Spaces Dug . | . . . . . . Terrain Destroyed . | . . . . . . Melee . | . . . . . . Projectile . | . . . . . . AOE . | . . . . . . Terrain Rammed . | . . . . . . Walls Destroyed . | . . . . . . Machines Disabled . | . . . . . . Actions | -11 -10 -10 -10 -9 -8 --------- Run | Scr Mat Min Exi Min Mat Total 1419 | 69 422 91 487 252 98 Wait 68 | 1 39 . 5 . 23 Move 1238 | 57 343 91 471 249 27 Hop . | . . . . . . Pick Up 18 | 5 5 . 5 2 1 Fast Attach 8 | 5 1 . 1 . 1 Attach 8 | 1 2 . 1 1 3 Detach 2 | . 1 . . . 1 Swap 2 | . 1 . 1 . . Drop 8 | . 4 . 3 . 1 Fire 67 | . 26 . . . 41 Melee . | . . . . . . Ram . | . . . . . . Kick . | . . . . . . Crush . | . . . . . . Escape Stasis . | . . . . . . Rewire . | . . . . . . Trap . | . . . . . . Miscellaneous . | . . . . . . Route ------- -11/Scrapyard -10/Materials (discovered 4 exits: [*Mat x2] / [*Min x2]) -10/Mines -10/Exiles -9/Mines -8/Materials History --------- Turn | Location | Event 11 | -11/Scrapyard | Discovered new exit (range 15) 72 | -11/Scrapyard | Entered Materials 148 | -10/Materials | Discovered new exit (range 14) 301 | -10/Materials | Build established: Mutant 345 | -10/Materials | Discovered new exit (range 15) 470 | -10/Materials | Discovered new exit (range 9) 517 | -10/Materials | Discovered new exit (range 19) 557 | -10/Materials | Entered Mines 606 | -10/Mines | Met a Derelict bent on vengeance 658 | -10/Mines | Deemed a non-threat by the Exiles lab entrance 658 | -10/Mines | Discovered new exit (range 5) 662 | -10/Mines | Entered Exiles 690 | -10/Exiles | Met 8R-AWN 711 | -10/Exiles | Met EX-HEX 809 | -10/Exiles | Learned location of Zion (-7) 827 | -10/Exiles | Met EX-BIN 927 | -10/Exiles | Met EX-DEC 965 | -10/Exiles | Visited The Gauntlet 1250 | -10/Exiles | Discovered new exit (range 14) 1289 | -10/Exiles | Entered Mines 1296 | -9/Mines | Received a Rocket Launcher from a helpful Derelict 1399 | -9/Mines | Assembled infested the area 1404 | -9/Mines | Assisted by a Guerilla fighting off Assembled 1581 | -9/Mines | Discovered new exit (range 13) 1600 | -9/Mines | Entered Materials 1600 | -8/Materials | Evolved 4 slots: Propulsion x1, Utility x1, Weapon x2 1760 | -8/Materials | Self-destructed Last Messages --------------- 01611_ ALERT: Hostiles spotted, dispatching reinforcements to Terminal M006. 01611_ O-16 Technician locks terminal. 01618_ Acquired Hrd. Medium Armor Plating. 01622_ Acquired Com. Wheel. 01624_ Dropped Com. Wheel. 01633_ ALERT: Hostiles spotted, dispatching reinforcements to Terminal M001. 01669_ G-47 Trooper destroyed. 01684_ Lgt. Treads destroyed. 01688_ Ion Engine destroyed. 01692_ G-47 Trooper destroyed. 01719_ R-06 Scavenger collects Particle Gun. 01722_ Critical hit (Burn: +37). 01724_ R-06 Scavenger collects Com. Wheel. 01728_ R-06 Scavenger collects Aluminum Leg. 01728_ Lgt. Assault Rifle destroyed. 01735_ Destroyed Lgt. Nuclear Core. 01744_ G-47 Trooper IFF system glitched. 01752_ G-47 Trooper system terminally corrupted. Map ----- +----------------------------------------------------+ | ????????????????????????????? | | ????????????????????????????? | | ????????????????????????????? | | ????????????????????????????? | | ????????????????????????????? | | ????????????????????????????? | | ????????????????????????????? | | ????????????????????????????? | | ????????????????????????????? | | ????????????????????????????? | | ????????????????????????????? | | ????????????????????????????? | | ????????????????????????????? | | ????????????????????????????? | | ????????????????????????????? | | ????????????????????????????? | | ????????????????????????????? | | ????????????????????????????? | | ???????????????""" ????????? | | ?????????????? ??????????? | | ?????????????? ??????????? | | ?????????????] """??????????? | | ############# """ ? ???????? | | # # """ ??????? | | # # ?????? | | # @# ?????? | | #/ %g% #???????????? | | # %#g * #???????????? | | # ""#g """ #???????????? | | # T"# """ #######?????? | | # ""# """ ????? | | # # ????? | | ###### ????? | | ?????# ###+########???????? | | ?????# #?? ??????????????? | | ?????# #??? ?????????????? | | ?????# #???? ????????????? | | ?????#####??????????????????? | | ????????????????????????????? | | ????????????????????????????? | | ????????????????????????????? | | ????????????????????????????? | | ????????????????????????????? | | ????????????????????????????? | | ????????????????????????????? | | ????????????????????????????? | | ????????????????????????????? | | ????????????????????????????? | | ????????????????????????????? | | ????????????????????????????? | +----------------------------------------------------+ Best States ------------- Heat Dissipation 31 Energy Generation 10 Energy Capacity 250 Matter Stores 300 Matter Capacity 300 Sight Range 16 Terrain Scan Density 10 Evasion (%) 40 Recoil Reduction 1 Item Schematics ----------------- None Robot Schematics ------------------ None Fabricated ------------ Nothing Alien Tech Used ----------------- None Achievements -------------- None Challenges ------------ None Game ------ Seed ReactionDisposableMallet Manual? 0 Play Time 00:21:53 Cumulative 61.7 hours Start 2022.04.05 @ 15:02:23 End 2022.04.05 @ 20:03:40 Sessions 2 Manual Loads 0 Difficulty Rogue Special Mode None Game No. 87 Rogue 87 Adventurer 0 Explorer 0 Win Type - Total 1 Types 1/0/0/0/0/0/0/0/0 Lore% 49 Gallery% 48 Achievement% 41 Wizard Run 0 Options --------- ASCII 0 Keyboard 0 Movement Mouse Keybinds 0 Fullscreen 1 Font 14/SmallcapsLarge Map View 72x54 Tactical HUD 1 Map Filters NONE Filters NONE Steam 1 RUN: 4be5c1c6-c98b-43ec-8a96-ed6b8ec6c205